IL
LOUISVILLE BATS @ OKLAHOMA CITY DODGERS
06/07/2046
 
TOP OF THE 1ST
Louisville Bats batting - Pitching for Oklahoma City Dodgers : RHP Jean-Michel Hamon
Pitching: RHP Jean-Michel Hamon
Batting: RHB Solange Le Coq 0-0: Ball
1-0: Swinging Strike
1-1: Swinging Strike
1-2: Strikes out swinging
Batting: LHB Satoru Handa 0-0: Called Strike
0-1: Ball
1-1: Fly out, F9 (Line Drive, 9S, EV 105.0 MPH)
Batting: LHB Shawn Morrison 0-0: Ball
1-0: Ball
2-0: Called Strike
2-1: Ball
3-1: Base on Balls
Batting: RHB Bruno André 0-0: Called Strike
Pickoff Throw to First - Out! 1-3
Top of the 1st over - 0 runs, 0 hits, 0 errors, 0 left on base; Louisville 0 - Oklahoma City 0
BOTTOM OF THE 1ST
Oklahoma City Dodgers batting - Pitching for Louisville Bats : LHP Elijah McLeod
Pitching: LHP Elijah McLeod
Batting: RHB Jeremy Giesler 0-0: Called Strike
0-1: Ball
1-1: Called Strike
1-2: SINGLE (Groundball, 34D, EV 103.8 MPH)
Batting: LHB Tony Vitela 0-0: Called Strike
0-1: Foul Ball, location: 2F
0-2: Strikes out looking
Batting: SHB Ken Welch 0-0: Ball
Jeremy Giesler steals 2nd base
1-0: Called Strike
1-1: Ball
2-1: Called Strike
2-2: Foul Ball, location: 2F
2-2: Foul Ball, location: 2F
2-2: Ball
3-2: Base on Balls
Batting: RHB Trevor Mock 0-0: Called Strike
0-1: Ball
1-1: Swinging Strike
1-2: SINGLE (Groundball, 56D, EV 99.4 MPH)
Jeremy Giesler to third
Ken Welch to second
Runner from 3rd tries for Home, SAFE, throw by LF to home
Batting: RHB Mike Dodson 0-0: Called Strike
0-1: Ball
1-1: Ball
2-1: Ball
3-1: Base on Balls
Ken Welch to third
Trevor Mock to second
Batting: RHB Martin Chavez 0-0: Ball
1-0: Ball
Wild Pitch!
Ken Welch scores
Trevor Mock to third
Mike Dodson to second
2-0: Called Strike
2-1: Swinging Strike
2-2: Foul Ball, location: 2F
2-2: Strikes out swinging
Batting: RHB Jorge Benites 0-0: Ball
1-0: Ball
2-0: Ball
3-0: Foul Ball, location: 2F
3-1: Foul Ball, location: 2F
3-2: Foul Ball, location: 2F
3-2: Base on Balls
Batting: RHB Isaiah Yarbrough 0-0: Foul Ball, location: 2F
0-1: Ball
1-1: Ball
2-1: Ball
3-1: Base on Balls
Trevor Mock scores
Mike Dodson to third
Jorge Benites to second
Batting: RHB Jim Rogers 0-0: Ball
1-0: Called Strike
1-1: Fielders Choice at 2nd, 5-4 (Groundball, 56, EV 87.5 MPH)
Bottom of the 1st over - 3 runs, 2 hits, 0 errors, 3 left on base; Louisville 0 - Oklahoma City 3
TOP OF THE 2ND
Louisville Bats batting - Pitching for Oklahoma City Dodgers : RHP Jean-Michel Hamon
Batting: RHB Bruno André 0-0: Ball
1-0: Fly out, F9 (Flyball, 9D, EV 101.9 MPH)
Batting: SHB Freddie Farrar 0-0: Ball
1-0: SINGLE (Line Drive, 89S, EV 94.4 MPH)
Batting: LHB Jake Bill 0-0: Ball
1-0: Ball
2-0: Foul Ball, location: 2F
2-1: Foul Ball, location: 2F
2-2: Fly out, F8 (Flyball, 8LS, EV 89.4 MPH)
Batting: SHB Paul Sandoval 0-0: Ball
1-0: Called Strike
1-1: Called Strike
Freddie Farrar steals 2nd base
1-2: Ball
2-2: Strikes out looking
Top of the 2nd over - 0 runs, 1 hit, 0 errors, 1 left on base; Louisville 0 - Oklahoma City 3
BOTTOM OF THE 2ND
Oklahoma City Dodgers batting - Pitching for Louisville Bats : LHP Elijah McLeod
Batting: RHB Jeremy Giesler 0-0: Called Strike
0-1: Foul Ball, location: 2F
0-2: Ball
1-2: Foul Ball, location: 2F
1-2: SOLO HOME RUN (Line Drive, 89XD, EV 109.4 MPH), Distance : 418 ft
Batting: LHB Tony Vitela 0-0: Foul Ball, location: 2F
0-1: Swinging Strike
0-2: Ground out 4-3 (Groundball, 4, EV 79.4 MPH)
Batting: SHB Ken Welch 0-0: Called Strike
0-1: Ball
1-1: DOUBLE (Line Drive, 78D, EV 106.2 MPH)
Batting: RHB Trevor Mock 0-0: Ball
1-0: Foul Ball, location: 2F
1-1: Called Strike
1-2: Ball
2-2: Ball
3-2: Fly out, F7 (Line Drive, 7S, EV 109.4 MPH)
Batting: RHB Mike Dodson 0-0: Called Strike
0-1: Ball
1-1: Ball
2-1: Ground out 5-3 (Groundball, 56, EV 100.6 MPH)
Bottom of the 2nd over - 1 run, 2 hits, 0 errors, 1 left on base; Louisville 0 - Oklahoma City 4
TOP OF THE 3RD
Louisville Bats batting - Pitching for Oklahoma City Dodgers : RHP Jean-Michel Hamon
Batting: RHB Colin Lord 0-0: Foul Ball, location: 2F
0-1: Called Strike
0-2: Strikes out swinging
Batting: RHB Jung-keun Bai 0-0: Fly out, F7 (Flyball, 7LD, EV 102.5 MPH)
Batting: RHB Solange Le Coq 0-0: Ball
1-0: Ball
2-0: Ball
3-0: Called Strike
3-1: Foul Ball, location: 2F
3-2: Ground out 2-3 (Groundball, 13S, EV 65.6 MPH)
Top of the 3rd over - 0 runs, 0 hits, 0 errors, 0 left on base; Louisville 0 - Oklahoma City 4
BOTTOM OF THE 3RD
Oklahoma City Dodgers batting - Pitching for Louisville Bats : LHP Elijah McLeod
Batting: RHB Martin Chavez 0-0: Ball
1-0: Called Strike
1-1: Ball
2-1: Ball
3-1: Base on Balls
Batting: RHB Jorge Benites 0-0: Ball
1-0: Fly out, F7 (Flyball, 78M, EV 85.6 MPH)
Batting: RHB Isaiah Yarbrough 0-0: Ball
1-0: Ball
2-0: Fly out, F7 (Flyball, 78S, EV 91.2 MPH)
Batting: RHB Jim Rogers 0-0: Ball
1-0: Ball
2-0: Called Strike
2-1: Ground out 5-3 (Groundball, 5S, EV 83.8 MPH)
Bottom of the 3rd over - 0 runs, 0 hits, 0 errors, 1 left on base; Louisville 0 - Oklahoma City 4
TOP OF THE 4TH
Louisville Bats batting - Pitching for Oklahoma City Dodgers : RHP Jean-Michel Hamon
Batting: LHB Satoru Handa 0-0: Ball
1-0: Ball
2-0: Called Strike
2-1: Ball
3-1: Ground out 4-3 (Groundball, 4MS, EV 83.1 MPH)
Batting: LHB Shawn Morrison 0-0: Ball
1-0: Ball
2-0: Called Strike
2-1: Foul Ball, location: 2F
2-2: Strikes out swinging
Batting: RHB Bruno André 0-0: Ball
1-0: Ball
2-0: Ball
3-0: Foul Ball, location: 2F
3-1: Base on Balls
Batting: SHB Freddie Farrar 0-0: Ball
1-0: Fly out, F8 (Line Drive, 8RM, EV 96.2 MPH)
Top of the 4th over - 0 runs, 0 hits, 0 errors, 1 left on base; Louisville 0 - Oklahoma City 4
BOTTOM OF THE 4TH
Oklahoma City Dodgers batting - Pitching for Louisville Bats : LHP Elijah McLeod
Batting: RHB Jeremy Giesler 0-0: Ball
1-0: Called Strike
1-1: Ball
2-1: Ground out 4-3 (Groundball, 4, EV 90.0 MPH)
Batting: LHB Tony Vitela 0-0: Foul Ball, location: 2F
0-1: Swinging Strike
0-2: Ground out 6-3 (Groundball, 6M, EV 103.8 MPH)
Batting: SHB Ken Welch 0-0: Foul Ball, location: 2F
0-1: Fly out, F8 (Line Drive, 8LM, EV 95.6 MPH)
Bottom of the 4th over - 0 runs, 0 hits, 0 errors, 0 left on base; Louisville 0 - Oklahoma City 4
TOP OF THE 5TH
Louisville Bats batting - Pitching for Oklahoma City Dodgers : RHP Jean-Michel Hamon
Batting: LHB Jake Bill 0-0: Fly out, F8 (Flyball, 8RXD, EV 88.8 MPH)
Batting: SHB Paul Sandoval 0-0: Ground out 6-3 (Groundball, 6, EV 81.2 MPH)
Batting: RHB Colin Lord 0-0: Foul Ball, location: 2F
0-1: Swinging Strike
0-2: Ground out 5-3 (Groundball, 56, EV 86.2 MPH)
Top of the 5th over - 0 runs, 0 hits, 0 errors, 0 left on base; Louisville 0 - Oklahoma City 4
BOTTOM OF THE 5TH
Oklahoma City Dodgers batting - Pitching for Louisville Bats : LHP Elijah McLeod
Batting: RHB Trevor Mock 0-0: Ball
1-0: Fly out, F5 (Popup, 5F, EV 76.9 MPH)
Batting: RHB Mike Dodson 0-0: Foul Ball, location: 2F
0-1: Ball
1-1: Ball
2-1: Fly out, F9 (Flyball, 9, EV 87.5 MPH)
Batting: RHB Martin Chavez 0-0: Ball
1-0: Called Strike
1-1: Foul Ball, location: 2F
1-2: Ball
2-2: Ball
3-2: Fly out, F4 (Popup, 4M, EV 77.5 MPH)
Bottom of the 5th over - 0 runs, 0 hits, 0 errors, 0 left on base; Louisville 0 - Oklahoma City 4
TOP OF THE 6TH
Louisville Bats batting - Pitching for Oklahoma City Dodgers : RHP Jean-Michel Hamon
Batting: RHB Jung-keun Bai 0-0: Called Strike
0-1: Swinging Strike
0-2: Ball
1-2: Foul Ball, location: 2F
1-2: Strikes out looking
Batting: RHB Solange Le Coq 0-0: Ball
1-0: Swinging Strike
1-1: Swinging Strike
1-2: Strikes out swinging
Batting: LHB Satoru Handa 0-0: Foul Ball, location: 2F
0-1: Ball
1-1: Swinging Strike
1-2: Ground out U3 (Groundball, 3, EV 104.4 MPH)
Top of the 6th over - 0 runs, 0 hits, 0 errors, 0 left on base; Louisville 0 - Oklahoma City 4
BOTTOM OF THE 6TH
Oklahoma City Dodgers batting - Pitching for Louisville Bats : LHP Elijah McLeod
Pitching: RHP Tim Beck
Batting: RHB Jorge Benites 0-0: Ball
1-0: Ground out 6-3 (Groundball, 6, EV 82.5 MPH)
Batting: RHB Isaiah Yarbrough 0-0: Called Strike
0-1: Foul Ball, location: 2F
0-2: Ball
1-2: Ball
2-2: Foul Ball, location: 2F
2-2: Fly out, F7 (Flyball, 7D, EV 101.2 MPH)
Batting: RHB Jim Rogers 0-0: Ground out 5-3 (Groundball, 56, EV 84.4 MPH)
Bottom of the 6th over - 0 runs, 0 hits, 0 errors, 0 left on base; Louisville 0 - Oklahoma City 4
TOP OF THE 7TH
Louisville Bats batting - Pitching for Oklahoma City Dodgers : RHP Jean-Michel Hamon
Batting: LHB Shawn Morrison 0-0: Ball
1-0: Ball
2-0: Foul Ball, location: 2F
2-1: Ball
3-1: Base on Balls
Batting: RHB Bruno André 0-0: Called Strike
0-1: Ball
1-1: Reached on error, E6 (Groundball, 6, EV 86.2 MPH)
Shawn Morrison to second
Batting: SHB Freddie Farrar 0-0: TRIPLE (Flyball, 9D, EV 90.0 MPH)
Shawn Morrison scores
Bruno André scores
Batting: LHB Jake Bill 0-0: Ball
1-0: Ground out 4-3 (Groundball, 4, EV 84.4 MPH)
Freddie Farrar scores
Batting: SHB Paul Sandoval 0-0: Called Strike
0-1: Fly out, F9 (Line Drive, 89M, EV 88.8 MPH)
Batting: RHB Colin Lord 0-0: Called Strike
0-1: Foul Ball, location: 2F
0-2: Strikes out swinging
Top of the 7th over - 3 runs, 1 hit, 1 error, 0 left on base; Louisville 3 - Oklahoma City 4
BOTTOM OF THE 7TH
Oklahoma City Dodgers batting - Pitching for Louisville Bats : RHP Tim Beck
Pitching: LHP Logan Moultry
Batting: RHB Jeremy Giesler 0-0: Called Strike
0-1: Ball
1-1: Ball
2-1: Foul Ball, location: 2F
2-2: Ball
3-2: Ground out U3 (Groundball, 3, EV 87.5 MPH)
Pinch Hitting: RHB Justin Anastasio 0-0: SINGLE (Groundball, 6MD, EV 109.4 MPH)
Batting: SHB Ken Welch 0-0: Ball
1-0: Ball
2-0: Ball
Wild Pitch!
Justin Anastasio to second
3-0: Called Strike
3-1: Ground out 6-3 (Groundball, 6, EV 89.4 MPH)
Justin Anastasio to third
Batting: RHB Trevor Mock 0-0: Foul Ball, location: 2F
0-1: Called Strike
0-2: Foul Ball, location: 2F
0-2: Foul Ball, location: 2F
0-2: Foul Ball, location: 2F
0-2: Ball
1-2: Ball
2-2: DOUBLE (Flyball, 78XD, EV 108.1 MPH)
Justin Anastasio scores
Batting: RHB Mike Dodson 0-0: Ball
1-0: Swinging Strike
1-1: Ball
2-1: Called Strike
2-2: Foul Ball, location: 2F
2-2: Ground out U3 (Groundball, 34S, EV 90.0 MPH)
Bottom of the 7th over - 1 run, 2 hits, 0 errors, 1 left on base; Louisville 3 - Oklahoma City 5
TOP OF THE 8TH
Louisville Bats batting - Pitching for Oklahoma City Dodgers : RHP Jean-Michel Hamon
Now in LF: Jonathan Rangel
Now in RF: Jeremy Giesler
Batting: RHB Jung-keun Bai 0-0: Ball
1-0: Called Strike
1-1: Ball
2-1: Foul Ball, location: 2F
2-2: Foul Ball, location: 2F
2-2: Strikes out looking
Batting: RHB Solange Le Coq 0-0: Ball
1-0: Ball
2-0: Foul Ball, location: 2F
2-1: Fly out, F5 (Line Drive, 5, EV 68.1 MPH)
Batting: LHB Satoru Handa 0-0: Called Strike
0-1: Ball
1-1: Ball
2-1: Swinging Strike
2-2: Foul Ball, location: 2F
2-2: Strikes out swinging
Top of the 8th over - 0 runs, 0 hits, 0 errors, 0 left on base; Louisville 3 - Oklahoma City 5
BOTTOM OF THE 8TH
Oklahoma City Dodgers batting - Pitching for Louisville Bats : LHP Logan Moultry
Pitching: RHP Justin Ambrose
Batting: RHB Martin Chavez 0-0: Foul Ball, location: 2F
0-1: Foul Ball, location: 2F
0-2: Strikes out looking
Batting: RHB Jorge Benites 0-0: Called Strike
0-1: Ball
1-1: Ball
2-1: Ground out 4-3 (Groundball, 4, EV 91.9 MPH)
Batting: RHB Isaiah Yarbrough 0-0: Called Strike
0-1: Ball
1-1: Ground out 4-3 (Groundball, 4M, EV 104.4 MPH)
Bottom of the 8th over - 0 runs, 0 hits, 0 errors, 0 left on base; Louisville 3 - Oklahoma City 5
TOP OF THE 9TH
Louisville Bats batting - Pitching for Oklahoma City Dodgers : RHP Jean-Michel Hamon
Pitching: RHP Jared Wisham
Batting: LHB Shawn Morrison 0-0: Ball
1-0: Ball
2-0: Called Strike
2-1: Called Strike
2-2: Foul Ball, location: 2F
2-2: Strikes out swinging
Batting: RHB Bruno André 0-0: Swinging Strike
0-1: Ball
1-1: Foul Ball, location: 2F
1-2: Foul Ball, location: 2F
1-2: Foul Ball, location: 2F
1-2: Foul Ball, location: 2F
1-2: Foul Ball, location: 2F
1-2: Ground out 6-3 (Groundball, 6, EV 82.5 MPH)
Batting: SHB Freddie Farrar 0-0: Called Strike
0-1: SOLO HOME RUN (Flyball, 9LD, EV 92.5 MPH), Distance : 331 ft
Batting: LHB Jake Bill 0-0: Called Strike
0-1: Ball
1-1: SINGLE (Line Drive, 6D, EV 99.4 MPH)
Batting: SHB Paul Sandoval 0-0: Ground out 4-3 (Groundball, 34, EV 96.2 MPH)
Top of the 9th over - 1 run, 2 hits, 0 errors, 1 left on base; Louisville 4 - Oklahoma City 5
Tuesday, September 13th , 2022 - OOTP Baseball 23.7 Build 88